 Dungeon Crawl Stone Soup version 0.22.0-38-g04b72b8 (webtiles) character file.

630 HallandMoats the Sneak (level 7, -5/49 HPs)
             Began as an Octopode Monk on Aug 30, 2018.
             Was a Priest of Cheibriados.
             Slain by an ogre
             ... wielding a +0 giant club
              (23 damage)
             ... on level 5 of the Dungeon.
             The game lasted 00:05:11 (5295 turns).

HallandMoats the Sneak (Octopode Monk)              Turns: 5295, Time: 00:05:12

Health: -5/49      AC:  1    Str: 18    XL:     7   Next: 48%
Magic:  8/8        EV: 17    Int: 18    God:    Cheibriados [***...]
Gold:   113        SH:  0    Dex: 21    Spells: 6/6 levels left

rFire    . . .     SeeInvis .     - Unarmed
rCold    . . .     Gourm    .   (no shield)
rNeg     + . .     Faith    .   (helmet restricted)
rPois    .         Spirit   .   (no amulet)
rElec    .         Reflect  .   h - ring of protection from magic
rCorr    .         Harm     .   f - ring of positive energy
MR       +....                  (no ring)
Stlth    ++++......             (no ring)
HPRegen  0.16/turn              (no ring)
MPRegen  0.11/turn              (no ring)
                                (no ring)
                                (no ring)

@: very slow
A: almost no armour, stealthy swim, amphibious, 8 rings, constrict 8, camouflage
1, gelatinous body 1
a: Bend Time, Temporal Distortion, Renounce Religion


You were on level 5 of the Dungeon.
You worshipped Cheibriados.
Cheibriados was most pleased with you.
You were not hungry.

You visited 2 branches of the dungeon, and saw 6 of its levels.

You collected 228 gold pieces.
You spent 115 gold pieces at shops.

Inventory:

Jewellery
 f - a ring of positive energy (right tentacle)
 h - a ring of protection from magic (left tentacle)
 q - an uncursed ring of protection from fire {unknown}
Scrolls
 b - 2 scrolls of identify
 c - 2 scrolls of blinking
 d - 2 scrolls of amnesia {unknown}
 e - a scroll of magic mapping {unknown}
 k - 3 scrolls of remove curse {unknown}
 n - 3 scrolls of teleportation
 o - a scroll of fear {unknown}
 s - a scroll of immolation {unknown}
 t - a scroll of fog {unknown}
Potions
 g - a potion of heal wounds
 i - a potion of lignification
 j - 2 potions of curing
 m - a potion of brilliance
 p - a potion of mutation {unknown}
 r - a potion of degeneration {unknown}
 u - a potion of ambrosia {unknown}
Comestibles
 a - 16 rations
 l - 3 chunks of flesh


   Skills:
 * Level 4.8 Fighting
 * Level 4.9 Dodging
 + Level 4.9 Stealth
 * Level 4.9 Unarmed Combat
 * Level 2.6 Invocations


You had 6 spell levels left.
You didn't know any spells.
Your spell library contained the following spells:

 Spells                   Type           Power        Failure   Level  Hunger
 Animate Skeleton         Necr           N/A          22%         1    ##.....
 Apportation              Tloc           #.....       22%         1    ##.....
 Confusing Touch          Hex            #.....       22%         1    ##.....
 Summon Small Mammal      Summ           #...         22%         1    ##.....


Dungeon Overview and Level Annotations

Branches:
Dungeon (5/15)             Temple (1/1) D:4

Altars:
Ashenzari
Cheibriados
Dithmenos
Elyvilon
Fedhas
Gozag
Hepliaklqana
Kikubaaqudgha
Makhleb
Nemelex Xobeh
Okawaru
Qazlal
Ru
Sif Muna
Trog
Uskayaw
Vehumet
Wu Jian
Xom
Yredelemnul
Zin
The Shining One

Shops:
D:5 *[


Innate Abilities, Weirdness & Mutations

You cannot wear most types of armour.
You are very stealthy in the water. (Stealth+)
You are amphibious.
You can wear up to eight rings at the same time.
You can use your tentacles to constrict eight enemies at once.
Your skin changes colour to match your surroundings (Stealth+).
Your rubbery body absorbs attacks. (AC +1, EV +1)


Message History

An ogre is nearby!
An ogre is nearby!
The ogre shouts!
The ogre closely misses you.
You closely miss the ogre. The ogre hits you with a giant club!!
You tentacle-slap the ogre but do no damage.
You tentacle-slap the ogre, but do no damage.
You tentacle-slap the ogre.
The ogre is lightly wounded.
The ogre hits you with a giant club!
You tentacle-slap the ogre.
The ogre is moderately wounded.
The ogre closely misses you.
You tentacle-slap the ogre. You squeeze the ogre, but do no damage.
The ogre is heavily wounded.
You tentacle-slap the ogre but do no damage.
Your squeeze misses the ogre.
The ogre is heavily wounded.
The ogre hits you with a giant club!!
You die...

....+ ... ......
.....# ##..###.###
...h.?# #. #.# #
###########
###.........#
#....O......####.
.#.#.#@#.#.#.....
..............##
.#.#.#.#.#.#.#.#
.............##
#.#.#.#.#.#.#.#.# 5#.#
................##...#
#.#.#.#.#.#.#.#.# ..#
..............##..#
.#.#.#.#.#.#.#[##.#


You could see an ogre.

Vanquished Creatures
  An ogre (D:4)
  A centaur (D:4)
  A big kobold (D:5)
  4 orc wizards (D:4)
  An iguana (D:4)
  Natasha (thrice) (D:2)
  A worker ant (D:4)
  A hound skeleton (D:4)
  4 adders
  An ooze (D:1)
  2 worms
  A dart slug (D:4)
  A leopard gecko (D:4)
  17 orcs
  4 giant cockroaches
  8 goblins
  8 hobgoblins
  12 jackals
  11 kobolds
  A ball python (D:4)
  4 bats
  6 frilled lizards
  9 rats
102 creatures vanquished.

Notes
Turn   | Place    | Note
-------+----------+-------------------------------------------
     0 | D:1      | HallandMoats the Octopode Monk began the quest for the Orb.
     0 | D:1      | Reached XP level 1. HP: 16/16 MP: 1/1
   105 | D:1      | Reached XP level 2. HP: 8/21 MP: 2/2
   794 | D:1      | Reached XP level 3. HP: 16/26 MP: 3/3
  1403 | D:2      | Noticed Natasha
  1410 | D:2      | Killed Natasha
  1410 | D:2      | Reached XP level 4. HP: 25/31 MP: 4/4
  1431 | D:2      | Noticed Natasha
  1442 | D:2      | Killed Natasha
  1933 | D:2      | Noticed Natasha
  1941 | D:2      | Killed Natasha
  1941 | D:2      | Reached XP level 5. HP: 26/37 MP: 5/5
  2782 | D:3      | Found an ornate altar of the Wu Jian Council.
  3579 | D:4      | Found a staircase to the Ecumenical Temple.
  3622 | Temple   | Entered the Ecumenical Temple
  3821 | Temple   | Became a worshipper of Cheibriados the Contemplative
  3821 | Temple   | Reached * piety under Cheibriados
  3821 | Temple   | Reached ** piety under Cheibriados
  4014 | D:4      | Noticed an ogre
  4026 | D:4      | Killed an ogre
  4026 | D:4      | Reached skill level 1 in Invocations
  4026 | D:4      | Reached XP level 6. HP: 41/43 MP: 6/6
  4552 | D:4      | Reached XP level 7. HP: 38/49 MP: 8/8
  5016 | D:5      | Entered Level 5 of the Dungeon
  5029 | D:5      | Found Gekeyhal's General Store.
  5032 | D:5      | Bought a scroll of blinking for 82 gold pieces
  5032 | D:5      | Bought a scroll of teleportation for 33 gold pieces
  5236 | D:5      | Found Awnet's Armour Shop.
  5269 | D:5      | Reached *** piety under Cheibriados
  5295 | D:5      | Slain by an ogre

Skill      XL: |  1  2  3  4  5  6 |
---------------+-------------------+-----
Stealth        | 3 4 |  4.9
Unarmed Combat | 4 |  4.9
Fighting       | 4 |  4.8
Dodging        | 4 |  4.9
Invocations    | 1 2 |  2.6

Action                   |  1- 3 |  4- 6 |  7- 9 || total
-------------------------+-------+-------+-------++-------
Melee: Unarmed           |    64 |   135 |    42 ||   241
       Constrict         |    22 |    37 |    11 ||    70
       Tentacles         |    11 |    23 |    11 ||    45
       Punch             |     1 |     6 |     5 ||    12
  Use: Scroll            |       |     4 |       ||     4
 Stab: Sleeping          |     5 |    13 |     1 ||    19
       Distracted        |       |     1 |     1 ||     2
  Eat: Chunk             |     1 |     9 |     1 ||    11
Armor: Skin              |    10 |     4 |       ||    14
Dodge: Dodged            |    54 |    81 |    28 ||   163
